 Dungeon Crawl Stone Soup version 0.31.0-9-g3a7656b989 (webtiles) character file.

Game seed: 5587522772869232407

527 qw the Skirmisher (level 7, -1/40 HPs)
             Began as a Deep Elf Hunter on Feb 2, 2024.
             Slain by an orc warrior
             ... wielding a +0 long sword
              (7 damage)
             ... on level 5 of the Dungeon.
             The game lasted 00:00:17 (3104 turns).

qw the Skirmisher (Deep Elf Hunter)                 Turns: 3104, Time: 00:00:18

Health: -1/40      AC: 11    Str: 10    XL:     7   Next: 3%
Magic:  9/9        EV:  9    Int: 16    God:
Gold:   260        SH:  0    Dex: 18    Spells: 6/6 levels left

rFire   . . .        a - +1 shortbow
rCold   . . .        (shield currently unavailable)
rNeg    + . .        c - +5 scale mail of Midsummer {rN+ Int+2}
rPois   .            (no helmet)
rElec   .            (no cloak)
rCorr   .            (no gloves)
SInv    .            (no boots)
Will    .....        (no amulet)
Stlth   +            (no ring)
HPRegen 0.26/turn    (no ring)
MPRegen 0.11/turn

%: no passive effects
@: no status effects
A: no striking features
a: no special abilities


You were on level 5 of the Dungeon.
You visited 1 branch of the dungeon, and saw 5 of its levels.

You collected 260 gold pieces.


   Skills:
 - Level 2.0 Fighting
 + Level 10.4 Ranged Weapons
 - Level 1.2 Armour
 - Level 3.0 Dodging
 - Level 1.2 Stealth


You had 6 spell levels left.
You didn't know any spells.
Your spell library was empty.

Inventory:

Hand Weapons
 a - a +1 shortbow (weapon)
Armour
 c - the +5 scale mail of Midsummer (worn) {rN+ Int+2}
   (You found it on level 4 of the Dungeon)

   Int+2:     It affects your intelligence (+2).
   rN+:       It protects you from negative energy.
Wands
 g - a wand of flame (21)

Dungeon Overview and Level Annotations

Branches:
Dungeon (5/15)
 Temple: D:4-7

Altars:


Message History

The orc warrior is moderately wounded.
You shoot an arrow.
The arrow hits the orc wizard but does no damage.
The orc wizard is heavily wounded.
The orc warrior hits you with a +0 long sword!
The orc wizard gestures at you while chanting.
The puff of flame hits you!
You shoot an arrow.
The arrow closely misses the orc wizard.
The orc warrior hits you with a +0 long sword!
The orc wizard points at you and mumbles some strange words.
The puff of flame hits you but does no damage.
The orc warrior hits you but does no damage.
The orc wizard hits you but does no damage.
3099 ||| DRINKING potion of heal wounds.
You feel much better.
The orc wizard hits you but does no damage.
The orc warrior hits you with a +0 long sword.
You shoot an arrow.
The arrow closely misses the orc wizard.
The orc wizard hits you but does no damage.
The orc warrior misses you. The orc closely misses you.
The orc wizard hits you but does no damage.
You shoot an arrow.
The arrow closely misses the orc wizard.
The orc wizard hits you with a +1 dagger of speed.
The orc warrior barely misses you. The orc barely misses you.
The orc wizard hits you with a +1 dagger of speed.
3102 ||| RETREEEEATING.
The orc priest calls upon Beogh to heal the orc wizard.
The orc wizard is healed somewhat.
You shoot an arrow. The arrow hits the orc warrior.
The orc warrior is heavily wounded.
The orc warrior hits you with a +0 long sword!
You shoot an arrow.
The arrow barely misses the orc warrior.
The arrow hits the orc.
The orc is heavily wounded.
The orc warrior hits you with a +0 long sword!
You die...

#.###.# #.# #.#
#.# #.# # #.#
#.# #.## #.#
#.# ... #.# #.#
####.#### #.#
#.#
#......o###.#
#.#
#......oo@%.#
#......o#####
#..........oooo
#.......#######
#.......#
#......?#
#########


You could see an orc warrior, an orc priest, an orc wizard and an orc.

Vanquished Creatures
  2 scorpions
  A hound (D:4)
  2 orc priests (D:3)
  2 iguanas (D:4)
  5 orc wizards
  4 adders
  3 dart slugs
  2 ribbon worms
  14 orcs
  10 ball pythons
  6 endoplasms
  7 hobgoblins
  4 jackals
  4 kobolds
  2 quokkas
  13 bats
  2 frilled lizards
  7 goblins
  4 rats
94 creatures vanquished.

Notes
Turn   | Place    | Note
-------+----------+-------------------------------------------
     0 | D:1      | qw the Deep Elf Hunter began the quest for the Orb.
     0 | D:1      | Reached XP level 1. HP: 12/12 MP: 3/3
     0 | D:1      | 0 ||| qw: Version: 0.3-a-155-g5e7d8dd
     0 | D:1      | 0 ||| qw: Game counter: 2139
     0 | D:1      | 0 ||| qw: Melee chars always use a shield: true
     0 | D:1      | 0 ||| qw: God list: Okawaru
     0 | D:1      | 0 ||| qw: Allow faded altars: false
     0 | D:1      | 0 ||| qw: Do Orc after clearing Dungeon:15 true
     0 | D:1      | 0 ||| qw: Do second Lair branch before Depths: true
     0 | D:1      | 0 ||| qw: Lair rune preference: random
     0 | D:1      | 0 ||| qw: Goals: Normal
     0 | D:1      | 0 ||| PLANNING D:1-11
   187 | D:1      | Reached XP level 2. HP: 16/16 MP: 4/4
   194 | D:1      | Reached skill level 6 in Ranged Weapons
   688 | D:1      | 688 ||| UPGRADING to +0 ring mail.
   698 | D:1      | 698 ||| DROPPING +0 leather armour.
   699 | D:1      | 699 ||| READING scroll labelled NITUXE VOJOHA.
   699 | D:1      | 699 ||| IDENTIFYING fizzy emerald potion
   700 | D:1      | 700 ||| READING 2 scrolls labelled RORIMOUTHIPN.
   700 | D:1      | 700 ||| ENCHANTING +0 ring mail.
   701 | D:1      | 701 ||| READING scroll of enchant armour.
   701 | D:1      | 701 ||| ENCHANTING +1 ring mail.
   702 | D:1      | 702 ||| DRINKING 3 metallic dark potions.
   742 | D:1      | 742 ||| DROPPING scroll of butterflies.
   743 | D:1      | 743 ||| DROPPING 2 potions of lignification.
   786 | D:2      | Reached XP level 3. HP: 20/20 MP: 5/5
   875 | D:2      | Identified the staff of Nolo Contendere {rF+ Dex+5 Earth}
  1012 | D:2      | HP: 5/20 [poisoned by an adder]
  1013 | D:2      | 1013 ||| DRINKING potion of heal wounds.
  1015 | D:2      | Reached skill level 7 in Ranged Weapons
  1526 | D:2      | 1526 ||| READING 2 scrolls labelled WOH BEIRIUCAFU.
  1527 | D:2      | 1527 ||| READING scroll labelled KAXE JOAWI.
  1528 | D:2      | 1528 ||| READING scroll labelled XAVUS BYVI.
  1529 | D:2      | 1529 ||| READING scroll labelled EBBOBU GEELUE.
  1529 | D:2      | 1529 ||| ENCHANTING +0 shortbow.
  1530 | D:2      | 1530 ||| DROPPING scroll of immolation.
  1532 | D:2      | 1532 ||| Stepping ~*~*~tactically~*~*~ (cloud).
  1536 | D:2      | HP: 5/20 [poisoned by you (poison gas)]
  1540 | D:2      | HP: 2/20 [poisoned by you (poison gas)]
  1644 | D:3      | 1644 ||| STAIRDANCE
  1649 | D:3      | 1649 ||| STAIRDANCE
  1652 | D:3      | 1652 ||| STAIRDANCE
  1701 | D:3      | Reached XP level 4. HP: 25/25 MP: 6/6
  1774 | D:3      | Found a faded altar of an unknown god.
  1795 | D:3      | 1795 ||| DRINKING yellow potion.
  1796 | D:3      | 1796 ||| DRINKING murky green potion.
  1822 | D:3      | 1822 ||| FLEEEEING.
  1824 | D:3      | 1824 ||| FLEEEEING.
  1834 | D:3      | Reached skill level 8 in Ranged Weapons
  1913 | D:3      | Reached XP level 5. HP: 29/29 MP: 7/7
  1935 | D:3      | Reached skill level 9 in Ranged Weapons
  1937 | D:3      | 1937 ||| FLEEEEING.
  1938 | D:3      | 1938 ||| FLEEEEING.
  1939 | D:3      | 1939 ||| FLEEEEING.
  1940 | D:3      | 1940 ||| FLEEEEING.
  1941 | D:3      | 1941 ||| FLEEEEING.
  1942 | D:3      | 1942 ||| FLEEEEING.
  1943 | D:3      | 1943 ||| FLEEEEING.
  1944 | D:3      | 1944 ||| FLEEEEING.
  1957 | D:3      | HP: 7/30 [poisoned by an orc wizard]
  2044 | D:3      | 2044 ||| Invisibility monster not found???
  2413 | D:3      | 2413 ||| READING 2 scrolls of identify.
  2413 | D:3      | 2413 ||| IDENTIFYING scroll labelled GIENAO VOIQUST
  2414 | D:3      | 2414 ||| DROPPING scroll of revelation.
  2462 | D:4      | 2462 ||| FLEEEEING.
  2463 | D:4      | 2463 ||| FLEEEEING.
  2465 | D:4      | 2465 ||| FLEEEEING.
  2466 | D:4      | 2466 ||| FLEEEEING.
  2467 | D:4      | 2467 ||| FLEEEEING.
  2468 | D:4      | 2468 ||| FLEEEEING.
  2469 | D:4      | 2469 ||| FLEEEEING.
  2470 | D:4      | 2470 ||| FLEEEEING.
  2471 | D:4      | 2471 ||| FLEEEEING.
  2472 | D:4      | 2472 ||| FLEEEEING.
  2477 | D:4      | Reached XP level 6. HP: 31/35 MP: 8/8
  2612 | D:4      | HP: 7/35 [scorpion (3)]
  2613 | D:4      | 2613 ||| DRINKING potion of heal wounds.
  2617 | D:4      | Reached skill level 10 in Ranged Weapons
  2672 | D:4      | Reached skill level 3 in Dodging
  2728 | D:4      | Identified the +5 scale mail of Midsummer {rN+ Int+2}
  2840 | D:4      | 2840 ||| FLEEEEING.
  2841 | D:4      | 2841 ||| FLEEEEING.
  2842 | D:4      | 2842 ||| FLEEEEING.
  2845 | D:4      | 2845 ||| FLEEEEING.
  2860 | D:4      | 2860 ||| FLEEEEING.
  2861 | D:4      | 2861 ||| FLEEEEING.
  2864 | D:4      | 2864 ||| FLEEEEING.
  2865 | D:4      | 2865 ||| FLEEEEING.
  2866 | D:4      | 2866 ||| FLEEEEING.
  2867 | D:4      | 2867 ||| FLEEEEING.
  2868 | D:4      | 2868 ||| FLEEEEING.
  2869 | D:4      | 2869 ||| FLEEEEING.
  3019 | D:4      | 3019 ||| UPGRADING to +5 scale mail of Midsummer {rN+
                  | Int+2}.
  3029 | D:4      | 3029 ||| DROPPING +2 ring mail.
  3030 | D:4      | 3030 ||| READING 4 scrolls of identify.
  3030 | D:4      | 3030 ||| IDENTIFYING bubbling ruby potion
  3031 | D:4      | 3031 ||| READING 3 scrolls of identify.
  3031 | D:4      | 3031 ||| IDENTIFYING scroll labelled GUAJUFIMIO
  3032 | D:4      | 3032 ||| READING 2 scrolls of identify.
  3032 | D:4      | 3032 ||| IDENTIFYING scroll labelled AMEOH NOEBUAM
  3033 | D:4      | 3033 ||| READING scroll of identify.
  3033 | D:4      | 3033 ||| IDENTIFYING 3 scrolls labelled DASCHO JYTY
  3034 | D:4      | 3034 ||| DROPPING scroll of amnesia.
  3035 | D:4      | 3035 ||| DROPPING potion of berserk rage.
  3036 | D:4      | 3036 ||| DROPPING scroll of vulnerability.
  3037 | D:4      | 3037 ||| DROPPING 3 scrolls of noise.
  3050 | D:5      | Entered Level 5 of the Dungeon
  3082 | D:5      | Reached skill level 1 in Armour
  3082 | D:5      | Reached XP level 7. HP: 39/40 MP: 9/9
  3089 | D:5      | 3089 ||| RETREEEEATING.
  3098 | D:5      | HP: 3/40 [orc warrior/+0 long sword (9)]
  3099 | D:5      | 3099 ||| DRINKING potion of heal wounds.
  3102 | D:5      | 3102 ||| RETREEEEATING.
  3103 | D:5      | HP: 6/40 [orc warrior/+0 long sword (10)]
  3104 | D:5      | Slain by an orc warrior

Levels and vault maps discovered:
D:1:      heliophobic_arrival_ceremonial_halls, layout_basic,
          corexii_leaking_fountain, minmay_pentomino_t4
D:2:      layout_loops_corners
D:3:      layout_loops_ring, hellmonk_ecumenical_altar_crossroads,
          nicolae_the_louvre
D:4:      layout_rooms, nicolae_titane
D:5:      layout_loops_ring, mainiacjoe_overflow_divided_tiny

Skill      XL: |  1  2  3  4  5  6 |
---------------+-------------------+-----
Ranged Weapons | 6 7 8 9 10 | 10.4
Fighting       | 2 |  2.0
Dodging        | 3 |  3.0
Armour         | 1 |  1.2
Stealth        | |  1.2

Action                     |  1- 3 |  4- 6 |  7- 9 || total
---------------------------+-------+-------+-------++-------
   Fire: Shortbow          |   132 |   302 |    13 ||   447
    Use: Scroll            |     7 |     5 |       ||    12
         Potion            |     2 |     3 |     1 ||     6
 Armour: Leather armour    |    10 |       |       ||    10
         Ring mail         |    35 |    63 |       ||    98
         Scale mail        |       |     5 |    21 ||    26
  Dodge: Dodged            |    49 |    60 |     4 ||   113

Table legend:
 A = Non-vault XP
 B = Vault XP
 C = Vault XP percentage of total XP
 D = Non-vault monster count
 E = Vault monster count
 F = Vault count percentage of total count
                 A         B        C        D         E       F
            +---------+---------+-------+---------+---------+-------
      Total |     752 |       2 |   0.3 |      93 |       1 |   1.1
            +---------+---------+-------+---------+---------+-------
        D:1 |      36 |       2 |   5.3 |      19 |       1 |   5.0
        D:2 |      54 |       0 |   0.0 |      16 |       0 |   0.0
        D:3 |     249 |       0 |   0.0 |      34 |       0 |   0.0
        D:4 |     326 |       0 |   0.0 |      23 |       0 |   0.0
        D:5 |      87 |       0 |   0.0 |       1 |       0 |   0.0
            +---------+---------+-------+---------+---------+-------
